 Dungeon Crawl Stone Soup version 0.29.1-13-g9f3cf754e1 (webtiles) character file.

Game seed: 8146535851497791309

6986 theswoord the Cruncher (level 9, -3/66 HPs)
             Began as a Demonspawn Gladiator on Jan 26, 2023.
             Was a Believer of Ru.
             Slain by a gargoyle
             ... wielding a +0 flail
              (18 damage)
             ... on level 10 of the Dungeon.
             The game lasted 00:17:07 (8927 turns).

theswoord the Cruncher (Demonspawn Gladiator)       Turns: 8927, Time: 00:17:08

Health: -3/66      AC: 19    Str: 18    XL:     9   Next: 81%
Magic:  9/9        EV:  9    Int: 15    God:    Ru [**....]
Gold:   473        SH:  0    Dex: 19    Spells: 8/8 levels left

rFire   . . .      SeeInvis .   n - +2 quarterstaff (chaos)
rCold   + . .      Faith    .   (shield currently unavailable)
rNeg    . . .      Spirit   .   L - +1 chain mail "Viof" {Harm Will+ Int+5 Dex+4}
rPois   +          Reflect  .   (helmet unavailable)
rElec   .          Harm     +   j - +2 cloak {Will+}
rCorr   .          Rampage  .   v - +2 pair of gloves
Will    ++...                   E - +0 pair of boots
Stlth   ..........              C - amulet of regeneration
HPRegen 1.01/turn               t - ring of protection from cold
MPRegen 0.11/turn               (no ring)

@: no status effects
A: horns 3, yellow scales 1, foul stench 1, inexperienced 1, demonic magic 1,
poison resistance, noise suppression
a: Renounce Religion


You were on level 10 of the Dungeon.
You worshipped Ru.
Ru was pleased with you.
You visited 2 branches of the dungeon, and saw 11 of its levels.

You collected 568 gold pieces.
You spent 95 gold pieces at shops.

Inventory:

Hand Weapons
 a - a +1 quarterstaff
 n - a +2 quarterstaff of chaos (weapon)
Missiles
 d - 2 throwing nets (quivered)
 e - 5 javelins
Armour
 b - a +0 leather armour
 c - a +0 helmet
 j - a +2 cloak of willpower (worn)
 l - a +0 scale mail
 p - a +1 pair of gloves
 v - a +2 pair of gloves (worn)
 E - a +0 pair of boots (worn)
 L - the +1 chain mail "Viof" (worn) {Harm Will+ Int+5 Dex+4}
   (You found it on level 10 of the Dungeon)

   Int:       It affects your intelligence (+5).
   Dex:       It affects your dexterity (+4).
   Harm:      It increases damage dealt and taken.
   Will:      It increases your willpower.
Jewellery
 t - a ring of protection from cold (left hand)
 y - an amulet of guardian spirit
 C - an amulet of regeneration (around neck)
Wands
 m - a wand of light (2)
 w - a wand of charming (5)
 K - a wand of mindburst (11)
Scrolls
 g - 4 scrolls of enchant weapon
 i - 3 scrolls of vulnerability
 s - 2 scrolls of blinking
 x - a scroll of brand weapon
 D - 3 scrolls of teleportation
 F - a scroll of fear
 H - a scroll of summoning
 I - 2 scrolls of immolation
 J - a scroll of identify
 M - a scroll of magic mapping
Potions
 f - 7 potions of curing
 h - 3 potions of might
 k - a potion of heal wounds
 o - 2 potions of attraction
 q - 3 potions of haste {unknown}
 r - a potion of invisibility {unknown}
 u - 3 potions of lignification
 z - 2 potions of ambrosia
 A - a potion of degeneration
 B - 2 potions of cancellation
 G - a potion of resistance {unknown}


   Skills:
 + Level 4.7 Fighting
 + Level 13.7 Staves
 - Level 1.7 Throwing
 + Level 3.8 Armour
 + Level 4.8 Dodging


You had 8 spell levels left.
You didn't know any spells.
Your spell library was empty.

Dungeon Overview and Level Annotations

Branches:
Dungeon (10/15)            Temple (1/1) D:7
   Lair: D:8-11         Orc: D:9-12

Altars:
Ashenzari
Cheibriados
Dithmenos
Fedhas
Gozag
Hepliaklqana
Kikubaaqudgha
Makhleb
Nemelex Xobeh
Okawaru
Qazlal
Ru
Sif Muna
Trog
Vehumet
Wu Jian
Xom
Yredelemnul

Shops:
D:5 =?!   D:9 (

Annotations:
Abyss:1 Edmund


Innate Abilities, Weirdness & Mutations

You have a pair of large horns on your head.
You are partially covered in yellow scales. (AC +2)
You may rarely emit foul miasma when damaged in melee.
You are somewhat inexperienced. (-1 XL)
Spells you cast may paralyse adjacent enemies.
Your system is resistant to poisons. (rPois)
You passively dampen the noise of your surroundings.


Message History

There is an open door here.
q - 3 metallic pink potions (gained 1)
You now have 465 gold pieces (gained 18).
Found a leather armour.
You now have 473 gold pieces (gained 8).
A gargoyle and a lava snake come into view.
Found a box of beasts.
The lava snake hisses angrily.
The lava snake spits lava at you. The glob of lava hits you!
The gargoyle begins to attack, but is stunned by your conviction!
You hit the gargoyle but do no damage. The gargoyle misses you.
You hit the gargoyle. You burn the gargoyle.
You headbutt the gargoyle, but do no damage.
The gargoyle is moderately damaged.
The gargoyle hits you with a +0 flail.
You hit the gargoyle. You headbutt the gargoyle.
The gargoyle is severely damaged.
You hit the gargoyle but do no damage.
The gargoyle is severely damaged.
The lava snake spits lava at you. The glob of lava hits you!
The gargoyle hurls a stone arrow at you.
The stone arrow hits you.
You barely miss the gargoyle.
You headbutt the gargoyle, but do no damage.
The gargoyle is heavily damaged.
You hit the gargoyle.
The gargoyle flickers and vanishes!
Deactivating autopickup; reactivate with Ctrl-A.
You headbutt something. Something hits you!
* * * LOW HITPOINT WARNING * * *
Something hits you but does no damage.
You hit something but do no damage.
Nothing appears to happen.
Something hits you!
* * * LOW HITPOINT WARNING * * *
You emit a cloud of foul miasma!
You hit something but do no damage. You headbutt something.
You hit something but do no damage.
Nothing appears to happen.
Your headbutt misses something. Something hits you!
You die...

.....###....#
.......#.....##.......#
.......#.....##.......#
.............##......##
............##.......#
##..[.......##.......#
...........##.......#
#........###...#+## .
####.{@.....###.....#
...##...................#
.......☼....##..........#
..........####........#.#
#≈≈≈.....≈≈# #........#.#
≈..^.≈≈..≈≈#..........# .
...≈≈....≈.#.########## #
≈.....≈.≈....
...≈S....≈.###


There were no monsters in sight!

Vanquished Creatures
  A komodo dragon (D:10)
  A troll (D:9)
  Grinder (D:3)
  A hornet (D:8)
  Sigmund (D:2)
  A wraith (D:9)
  10 yaks
  A wyvern (D:10)
  Eustachio (D:5)
  A steam dragon (D:8)
  Menkaure (D:7)
  Duvessa (D:5)
  2 water moccasins (D:7)
  3 ice beasts
  5 black bears
  An orc warrior (D:7)
  4 centaurs
  2 phantoms
  Blork the orc (D:6)
  5 bullfrogs
  5 necrophages
  2 gnoll sergeants
  6 scorpions
  4 wights (D:7)
  Dowan (D:5)
  2 howler monkeys
  A hound (D:4)
  7 orc priests
  Crazy Yiuf (D:2)
  2 jellies
  2 gnoll boudas
  Terence (D:3)
  An iguana (D:5)
  17 gnolls
  9 adders
  2 shadow imps (D:6)
  A white imp (D:5)
  3 worms
  A dart slug (D:3)
  21 orcs
  6 endoplasms
  A giant cockroach (D:1)
  8 goblins
  12 hobgoblins
  4 jackals
  8 kobolds
  6 quokkas
  10 ball pythons
  7 bats
  3 frilled lizards (D:3)
  6 rats
  A spectral goblin (D:7)
205 creatures vanquished.

Vanquished Creatures (collateral kills)
  An endoplasm (D:3)
1 creature vanquished.

Vanquished Creatures (others)
  A fungus (D:2)
1 creature vanquished.

Grand Total: 207 creatures vanquished

Notes
Turn   | Place    | Note
-------+----------+-------------------------------------------
     0 | D:1      | theswoord the Demonspawn Gladiator began the quest for the
                  | Orb.
     0 | D:1      | Reached XP level 1. HP: 16/16 MP: 1/1
   103 | D:1      | Reached skill level 3 in Staves
   195 | D:1      | Gained mutation: You have a pair of small horns on your
                  | head. [demonic ancestry]
   195 | D:1      | Reached XP level 2. HP: 22/22 MP: 2/2
   279 | D:1      | Found a faded altar of an unknown god.
   956 | D:2      | Gained mutation: You may rarely emit foul miasma when
                  | damaged in melee. [demonic ancestry]
   956 | D:2      | Reached XP level 3. HP: 26/27 MP: 3/3
  1100 | D:2      | Reached skill level 4 in Staves
  1227 | D:2      | Noticed Sigmund
  1292 | D:2      | Gained mutation: You possess an exceptional clarity of
                  | mind. [potion of mutation]
  1292 | D:2      | Gained mutation: Your body sometimes deteriorates upon
                  | taking damage. [potion of mutation]
  1296 | D:2      | Killed Sigmund
  1297 | D:2      | Reached skill level 5 in Staves
  1297 | D:2      | Reached XP level 4. HP: 22/33 MP: 4/4
  1297 | D:2      | Gained mutation: You have a pair of horns on your head.
                  | [demonic ancestry]
  1297 | D:2      | Reached XP level 5. HP: 26/38 MP: 5/5
  1602 | D:2      | Reached skill level 6 in Staves
  1787 | D:2      | Found a runed translucent door.
  1788 | D:2      | Noticed Crazy Yiuf
  1794 | D:2      | Killed Crazy Yiuf
  1795 | D:2      | Gained mutation: You are partially covered in yellow
                  | scales. (AC +2) [demonic ancestry]
  1795 | D:2      | Reached XP level 6. HP: 42/44 MP: 6/6
  2539 | D:3      | Noticed Grinder
  2548 | D:3      | Paralysed by Grinder for 2 turns
  2553 | D:3      | Killed Grinder
  2554 | D:3      | Reached skill level 7 in Staves
  2554 | D:3      | Reached XP level 7. HP: 50/50 MP: 7/7
  2776 | D:3      | Noticed Terence
  2785 | D:3      | Killed Terence
  3058 | D:4      | Reached skill level 8 in Staves
  3260 | D:4      | Lost mutation: You possess an exceptional clarity of mind.
                  | [potion of mutation]
  3260 | D:4      | Lost mutation: Your body sometimes deteriorates upon taking
                  | damage. [potion of mutation]
  3260 | D:4      | Gained mutation: Your system is resistant to poisons.
                  | (rPois) [potion of mutation]
  3260 | D:4      | Gained mutation: You passively dampen the noise of your
                  | surroundings. [potion of mutation]
  3642 | D:5      | Entered Level 5 of the Dungeon
  3642 | D:5      | Noticed Edmund
  3654 | D:5      | Banished Edmund
  3655 | D:5      | Reached skill level 9 in Staves
  3655 | D:5      | Gained mutation: You have a pair of large horns on your
                  | head. [demonic ancestry]
  3655 | D:5      | Reached XP level 8. HP: 33/56 MP: 8/8
  3818 | D:5      | Found Beac's Magic Scroll Boutique.
  3831 | D:5      | Bought a scroll of brand weapon for 95 gold pieces
  3860 | D:5      | Noticed Eustachio
  3878 | D:5      | Killed Eustachio
  3909 | D:5      | Found Pobbeef's Distillery.
  4043 | D:5      | Noticed Duvessa
  4043 | D:5      | Noticed Dowan
  4048 | D:5      | Killed Duvessa
  4049 | D:5      | Reached skill level 10 in Staves
  4058 | D:5      | Killed Dowan
  4243 | D:5      | Found Qisubes's Jewellery Boutique.
  5184 | D:6      | Found a shimmering altar of Xom.
  5200 | D:6      | Noticed Blork the orc
  5209 | D:6      | Killed Blork the orc
  5317 | D:5      | Reached skill level 11 in Staves
  5335 | D:5      | Reached XP level 9. HP: 51/61 MP: 9/9
  5554 | D:6      | Found a radiant altar of Vehumet.
  6117 | D:7      | Reached skill level 12 in Staves
  6455 | D:7      | Noticed Menkaure
  6461 | D:7      | Killed Menkaure
  6462 | D:7      | Reached skill level 13 in Staves
  6529 | D:7      | Found a bloodstained altar of Trog.
  6743 | D:7      | Found a hazy altar of Hepliaklqana.
  6828 | D:7      | Found a staircase to the Ecumenical Temple.
  6837 | Temple   | Entered the Ecumenical Temple
  7037 | Temple   | Became a worshipper of Ru the Awakened
  7219 | D:8      | Gained mutation: Spells you cast may paralyse adjacent
                  | enemies. [demonic ancestry]
  7219 | D:8      | Reached XP level 10. HP: 67/67 MP: 10/10
  7280 | D:8      | Reached skill level 1 in Armour
  7477 | D:8      | Found an iron altar of Okawaru.
  7477 | D:8      | Found an opulent altar of Gozag.
  7890 | D:9      | Found Jidoucru's Weapon Shoppe.
  8212 | D:9      | Gained mutation: You are somewhat inexperienced. (-1 XL)
                  | [Ru sacrifice]
  8212 | D:9      | Reached XP level 9. HP: 63/63 MP: 9/9
  8212 | D:9      | Reached * piety under Ru
  8212 | D:9      | Reached ** piety under Ru
  8438 | D:9      | Found a burning altar of Makhleb.
  8705 | D:10     | Entered Level 10 of the Dungeon
  8729 | D:10     | Identified the +1 chain mail "Viof" {Harm Will+ Int+5
                  | Dex+4}
  8912 | D:10     | Noticed a gargoyle
  8927 | D:10     | Slain by a gargoyle

Skill      XL: |  1  2  3  4  5  6  7  8  9 10 |
---------------+-------------------------------+-----
Staves         | 3 5 6 7 9 11 13 | 13.7
Dodging        | 4 3 |  4.8
Armour         | 3 2 |  3.8
Fighting       | 4 3 |  4.7
Throwing       | |  1.7

Action                   |  1- 3 |  4- 6 |  7- 9 | 10-12 || total
-------------------------+-------+-------+-------+-------++-------
Melee: Quarterstaff      |    90 |    74 |   395 |    50 ||   609
       Headbutt          |     9 |     6 |    85 |    14 ||   114
       Unarmed           |     1 |       |       |       ||     1
Throw: Throwing net      |       |     1 |       |       ||     1
Invok: Sacrifice Experie |       |       |     1 |       ||     1
  Use: Scroll            |     6 |     4 |     6 |     4 ||    20
       Potion            |     4 |       |     3 |       ||     7
 Stab: Held in net/web   |       |     1 |       |       ||     1
       Confused          |       |       |     2 |       ||     2
Armor: Leather armour    |    11 |       |       |       ||    11
       Scale mail        |    31 |    30 |   164 |    25 ||   250
       Skin              |     6 |     1 |     1 |       ||     8
       Chain mail        |       |       |     7 |       ||     7
Dodge: Dodged            |    59 |    22 |   136 |    21 ||   238

Levels and vault maps discovered:
D:1:      dpeg_arrival_line_fractal, layout_loops_cross,
          ebering_ecumenical_altar_box
D:2:      layout_rooms, amcnicky_mini_pool_small, uniq_crazy_yiuf_cottage,
          uniq_sigmund
D:3:      minmay_octagon_keep, layout_basic,
          mainiacjoe_overflow_small_starburst, kennysheep_generic_room_2,
          uniq_grinder, uniq_terence
D:4:      layout_rooms
D:5:      layout_loops_corners, serial_shops, nicolae_shop_crystal,
          nicolae_shop_statue_plus, shop, kennysheep_generic_room_8,
          uniq_edmund, uniq_duvessa, uniq_eustachio
D:6:      layout_rooms, mainiacjoe_overflow_concentric_impassable,
          mainiacjoe_overflow_paths, serial_co_window_serial, co_window_paths_a,
          co_window_of_opportunity_a, co_window_corner_a, co_window_corner_a,
          co_window_corner_a, co_window_paths_b, co_window_paths_b,
          co_window_of_opportunity_a, co_window_paths_b, co_window_paths_c,
          co_window_corner_ca, co_window_corner_cb, co_window_unsneaky_path_d,
          co_window_of_opportunity_b, co_window_2corner, glass_columns_a,
          glass_columns_b, uniq_blork_the_orc
D:7:      layout_loops_ring, trog_ov_bears_minmay,
          nicolae_hepliaklqana_monster_ancestors, minmay_temple_entry_poolview,
          uniq_menkaure
D:8:      layout_gridville, gammafunk_temple_overflow_elements
D:9:      layout_loops_corners, lemuel_round_altar, serial_shops,
          nicolae_shop_crystal, chequers_serial_rivers_room_a
D:10:     layout_basic, nicolae_uskayaw_suspiria, dk_rats_in_the_wall
Temple:   nicolae_temple_figure_eight
